 Dungeon Crawl Stone Soup version 0.29.1-13-g9f3cf754e1 (webtiles) character file.

Game seed: 3791623674018765324

5 retardedninja the Conjurer (level 1, 7/7 HPs)
             Began as a Felid Conjurer on Jan 24, 2023.
             Quit the game on level 1 of the Dungeon.
             The game lasted 00:00:52 (193 turns).

retardedninja the Conjurer (Felid Conjurer)          Turns: 193, Time: 00:00:53

Health: 7/7        AC:  1    Str:  3    XL:     1   Next: 66%
Magic:  0/4        EV: 17    Int: 19    God:
Gold:   15         SH:  0    Dex: 14    Spells: 3/4 levels left
                                        Lives:  0   Deaths: 0

rFire   . . .      SeeInvis +   (weapon unavailable)
rCold   . . .      Faith    .   (shield unavailable)
rNeg    . . .      Spirit   .   (body armour unavailable)
rPois   .          Reflect  .   (helmet unavailable)
rElec   .          Harm     .   (cloak unavailable)
rCorr   .          Rampage  .   (gloves unavailable)
Will    .....                   (boots unavailable)
Stlth   ++........              (no amulet)
HPRegen 0.02/turn               (no ring)
MPRegen 0.09/turn               (no ring)

@: quick
A: very small, claws 1, fangs 3, see invisible, speed 1, shaggy fur 1, stealthy
paws, no weapons or thrown items, no armour, multi-lived
a: no special abilities


You were on level 1 of the Dungeon.
You visited 1 branch of the dungeon, and saw 1 of its levels.

You collected 15 gold pieces.

Inventory:

Potions
 a - a potion of magic
 b - 2 potions of might {unknown}


   Skills:
 + Level 2.9 Dodging
 + Level 2.9 Stealth
 + Level 2.1 Spellcasting
 + Level 3.6 Conjurations


You had 3 spell levels left.
You knew the following spells:

 Your Spells              Type           Power      Damage    Failure   Level
a - Magic Dart            Conj           64%        1d6       3%          1

Your spell library contained the following spells:

 Spells                   Type           Power      Damage    Failure   Level
 Searing Ray              Conj           32%        2d5       5%          2
 Dazzling Flash           Conj/Hex       18%        N/A       24%         3
 Fulminant Prism          Conj/Hex       4%         3d6       61%         4
 Iskenderun's Mystic Bla  Conj/Tloc      9%         2d4       61%         4


Dungeon Overview and Level Annotations

Branches:
Dungeon (1/15)

Altars:


Innate Abilities, Weirdness & Mutations

You have sharp claws.
You have razor-sharp teeth.
You have supernaturally acute eyesight. (SInv)
You cover ground quickly. (Speed+)
You are covered in fur. (AC +1)
Your paws help you pounce on unaware monsters.
You are incapable of wielding weapons or throwing items.
You cannot wear armour.
You gain extra lives every three experience levels.


Message History

You can't see any susceptible monsters within range! (Use Z to cast anyway.)
You can't see any susceptible monsters within range! (Use Z to cast anyway.)
Found a stone staircase leading down.
b - 2 fuming sapphire potions You now have 15 gold pieces.
There is a stone staircase leading down here.
A quokka comes into view.
The magic dart hits the quokka but does no damage.
The magic dart hits the quokka but does no damage.
The magic dart hits the quokka.
The quokka is heavily wounded.
The quokka misses you.
The magic dart hits the quokka.
You kill the quokka!
You are out of magic!
Found 2 stones.
No target in view!
A hobgoblin comes into view.
Found a scroll labelled NIRUXU DUOSTRA.
A hobgoblin is nearby!
A hobgoblin is nearby!
A hobgoblin is nearby!
You miscast Magic Dart.
You are very lightly contaminated with residual magic.
Nothing appears to happen.
The magic dart hits the hobgoblin.
The hobgoblin is moderately wounded.
The hobgoblin shouts!
The magic dart hits the hobgoblin but does no damage.
The hobgoblin is lightly wounded.
The magic dart hits the hobgoblin but does no damage.
The hobgoblin is lightly wounded.
You are out of magic!
You are out of magic!
Your magical contamination has completely faded away.
The magic dart hits the hobgoblin.
The hobgoblin is severely wounded.
You are out of magic!
There is a stone staircase leading down here.
Are you sure you want to abandon this character and quit the game? (Confirm with "yes".)

#...## #≈...≈#
##...# #≈.<.≈#
#.#.# ##...##
#.#..# ##.##
#.##.# ### #.# .#
# #.##.# ##. #..#
.. #.. ##@# . #.#
#.# .## #.# #.#
..# #.# #.# #.#
#.# #g# #.# ###.#
#.# #.# #...#
#.#####.####.### #
#............##...
##########........


You could see a hobgoblin.

Vanquished Creatures
  A dart slug (D:1)
  A bat (D:1)
  A quokka (D:1)
3 creatures vanquished.

Notes
Turn   | Place    | Note
-------+----------+-------------------------------------------
     0 | D:1      | retardedninja the Felid Conjurer began the quest for the
                  | Orb.
     0 | D:1      | Reached XP level 1. HP: 7/7 MP: 4/4
   193 | D:1      | Quit the game

Illustrated notes

Levels and vault maps discovered:
D:1:      wander_arrival_chamber, layout_rooms

Action                   || total
-------------------------++-------
 Cast: Magic Dart        ||    12
Dodge: Dodged            ||     1
